 Dungeon Crawl Stone Soup version 0.28.0-43-g3370ac3207 (webtiles) character file.

Game seed: 12551379174162079420

851 pkoi the Martial Artist (level 7, -1/53 HPs)
             Began as a Demigod Gladiator on Mar 28, 2022.
             Slain by a bog mummy (10 damage)
             ... in an ossuary.
             The game lasted 00:05:19 (4606 turns).

pkoi the Martial Artist (Demigod Gladiator)         Turns: 4606, Time: 00:05:19

Health: -1/53      AC: 12    Str: 21    XL:     7   Next: 41%
Magic:  0/9        EV:  8    Int: 10    God:
Gold:   155        SH:  0    Dex: 19    Spells: 6/6 levels left

rFire   . . .      SeeInvis .     - Unarmed
rCold   . . .      Faith    .   (no shield)
rNeg    . . .      Spirit   +   i - +2 chain mail "Zuweowuo" {Str+2}
rPois   .          Reflect  .   b - +0 helmet
rElec   .          Harm     .   g - +0 cloak
rCorr   .          Rampage  .   (no gloves)
Will    .....                   (no boots)
Stlth   ..........              f - amulet of guardian spirit
HPRegen 0.17/turn               (no ring)
MPRegen 0.11/turn               (no ring)

@: no status effects
A: high MP 1, forlorn, divine attributes
a: no special abilities


You were in an ossuary.
You visited 1 branch of the dungeon, and saw 4 of its levels.
You also visited: Ossuary.

You collected 155 gold pieces.

Inventory:

Hand Weapons
 d - a +1 dagger
Missiles
 c - 3 throwing nets (quivered)
Armour
 a - a +0 leather armour
 b - a +0 helmet (worn)
 g - a +0 cloak (worn)
 i - the +2 chain mail "Zuweowuo" (worn) {Str+2}
   (You found it on level 2 of the Dungeon)

   Str:       It affects your strength (+2).
Jewellery
 f - an amulet of guardian spirit (around neck)
 k - a ring of see invisible
Potions
 e - a potion of attraction
 h - a potion of haste {unknown}


   Skills:
 - Level 1.7 Fighting
 - Level 1.7 Throwing
 - Level 2.6 Dodging
 + Level 8.5 Unarmed Combat


You had 6 spell levels left.
You didn't know any spells.
Your spell library contained the following spells:

 Spells                   Type           Power      Damage    Failure   Level
 Apportation              Tloc           0%         N/A       99%         1
 Foxfire                  Conj/Fire      0%         2x1d4     99%         1
 Conjure Flame            Conj/Fire      0%         6-21      100%        3
 Inner Flame              Hex/Fire       0%         N/A       100%        3
 Flame Wave               Conj/Fire      0%         2d4       100%        4
 Malign Gateway           Summ/Tloc      0%         N/A       100%        7


Dungeon Overview and Level Annotations

Branches:
Dungeon (4/15)            Ossuary (1/1)
 Temple: D:4-7

Annotations:
D:4 Grinder


Innate Abilities, Weirdness & Mutations

You have an increased reservoir of magic. (+10% MP)
You shall have no god before yourself.
Your divine heritage dramatically boosts your attributes as you level up.


Message History

You start resting.
A bog mummy is nearby!
You start resting.
A mummy comes into view.
A bog mummy comes into view.
You hit the mummy.
The mummy is moderately damaged.
You punch the mummy!
The mummy is almost destroyed.
The mummy hits you but does no damage.
You punch the mummy!
You destroy the mummy!
You punch the bog mummy! Your punch misses the bog mummy.
The bog mummy is moderately damaged.
You punch the bog mummy!
The bog mummy is almost destroyed.
The bog mummy casts a spell at you.
The puff of frost hits you but does no damage.
You hit the bog mummy but do no damage.
The bog mummy is almost destroyed.
You punch the bog mummy!
You destroy the bog mummy!
You start resting.
A bog mummy is nearby!
The bog mummy hits you!
* * * LOW HITPOINT WARNING * * *
The bog mummy points at you and mumbles some strange words.
The puff of frost hits you!
* * * LOW HITPOINT WARNING * * *
The bog mummy hits you but does no damage.
The bog mummy hits you!
* * * LOW HITPOINT WARNING * * *
The bog mummy hits you.
* * * LOW HITPOINT WARNING * * *
The bog mummy casts a spell at you. The puff of frost hits you.
* * * LOW HITPOINT WARNING * * *
The bog mummy hits you but does no damage.
The bog mummy hits you!
You die...

#≈ ≈≈ ≈≈ #≈
P#≈≈ '#≈##
≈..≈≈#
#####≈≈#≈#
#...#...#
#.∩.M.≈#
#∩.@#≈≈.#
#####M##≈≈#
≈' ≈# ≈##
≈. ≈≈ ..


You could see a bog mummy.

Vanquished Creatures
  A water moccasin (D:4)
  A water moccasin zombie (Ossuary)
  2 centaur zombies (Ossuary)
  4 bullfrog zombies (Ossuary)
  An orc priest (D:1)
  2 iguanas (D:4)
  An orc wizard (D:2)
  A hound skeleton (D:4)
  6 mummies (Ossuary)
  4 gnolls
  An adder (D:3)
  A worm (D:3)
  2 dart slugs
  3 orcs
  8 ball pythons
  8 bats
  6 endoplasms
  A giant cockroach (D:3)
  10 goblins
  6 hobgoblins
  9 kobolds
  A quokka (D:1)
  2 frilled lizards
  3 rats
84 creatures vanquished.

Vanquished Creatures (others)
  Eustachio (D:4)
  12 withered plants (Ossuary)
13 creatures vanquished.

Grand Total: 97 creatures vanquished

Notes
Turn   | Place    | Note
-------+----------+-------------------------------------------
     0 | D:1      | pkoi the Demigod Gladiator began the quest for the Orb.
     0 | D:1      | Reached XP level 1. HP: 17/17 MP: 3/3
   164 | D:1      | Reached skill level 3 in Unarmed Combat
   289 | D:1      | Reached XP level 2. HP: 24/24 MP: 4/4
  1599 | D:2      | Reached XP level 3. HP: 28/29 MP: 5/5
  1657 | D:2      | Reached skill level 4 in Unarmed Combat
  2384 | D:2      | Reached XP level 4. HP: 27/36 MP: 3/6
  2481 | D:2      | Got the Collected Works on the Voyage
  2585 | D:2      | Identified the +2 chain mail "Zuweowuo" {Str+2}
  2768 | D:3      | Reached skill level 5 in Unarmed Combat
  3062 | D:2      | Reached XP level 5. HP: 14/41 MP: 3/7
  3831 | D:4      | Noticed Grinder
  3843 | D:4      | Noticed a water moccasin
  3851 | D:4      | Killed a water moccasin
  3852 | D:4      | Reached skill level 6 in Unarmed Combat
  4164 | D:4      | Noticed Eustachio
  4220 | D:4      | Reached XP level 6. HP: 48/48 MP: 8/8
  4332 | D:4      | Found a sand-covered staircase.
  4344 | D:4      | Killed Eustachio
  4345 | D:4      | Reached skill level 7 in Unarmed Combat
  4348 | Ossuary  | Entered an ossuary
  4468 | Ossuary  | Reached XP level 7. HP: 28/53 MP: 5/9
  4486 | Ossuary  | Reached skill level 8 in Unarmed Combat
  4606 | Ossuary  | Slain by a bog mummy

Illustrated notes

Levels and vault maps discovered:
D:1:      tarquinn_simple_flora_water_a, layout_loops_corners,
          shapermc_ecumenical_altar_pompeii
D:2:      layout_rooms, grunt_ministairs_15, fountainhead
D:3:      layout_rooms
D:4:      layout_loops_corners, mainiacjoe_overflow_divided_tiny,
          enter_ossuary_2, nicolae_specific_store, uniq_ijyb, uniq_grinder,
          uniq_eustachio
Ossuary:  ossuary_zaba_flooded

Skill      XL: |  1  2  3  4  5  6  7 |
---------------+----------------------+-----
Unarmed Combat | 3 4 5 6 7 8 |  8.5
Fighting       | |  1.7
Throwing       | |  1.7
Dodging        | |  2.6

Action                   |  1- 3 |  4- 6 |  7- 9 || total
-------------------------+-------+-------+-------++-------
Melee: Unarmed           |   130 |   170 |    50 ||   350
       Punch             |     2 |     5 |     4 ||    11
  Use: Scroll            |       |     4 |       ||     4
 Stab: Sleeping          |     2 |       |       ||     2
Armor: Leather armour    |    38 |       |       ||    38
       Chain mail        |       |    87 |    29 ||   116
Dodge: Dodged            |    77 |    63 |     7 ||   147
